 Dungeon Crawl Stone Soup version 0.21.1-1-g345015f (webtiles) character file.

106414 Monsterracer the Destroyer (level 16, -18/108 HPs)
             Began as an Octopode Fire Elementalist on Feb 14, 2018.
             Was a High Priest of Vehumet.
             Killed from afar by a deep elf mage (23 damage)
             ... with a bolt of negative energy
             ... while paralysed by a wizard
             ... on level 14 of the Dungeon.
             The game lasted 01:30:57 (40061 turns).

Monsterracer the Destroyer (OpFE)                  Turns: 40061, Time: 01:30:57

Health: -18/108    AC:  6    Str:  8    XL:     16   Next: 44%
Magic:  20/30      EV:  2    Int: 27    God:    Vehumet [*****.]
Gold:   1084       SH:  0    Dex: 12    Spells: 5/35 levels left

rFire    + + +     SeeInvis .   a - staff of conjuration {!a}
rCold    + . .     Gourm    .   r - +3 shield
rNeg     . . .     Faith    .   (helmet restricted)
rPois    +         Spirit   .   R - +2 amulet of reflection
rElec    .         Reflect  +   G - ring "Dedevub" {-Tele rF+++ Int+3 Slay+2, -TELE}
rCorr    .         Harm     .   B - +3 ring of evasion
MR       ++...     NoTele   +   A - +6 ring of evasion
Stlth    +++++.....             F - ring of poison resistance {!d}
HPRegen  0.28/turn              E - ring of protection from magic {!d}
MPRegen  0.22/turn              D - ring of protection from cold {!d}
                                C - +3 ring of evasion
                                H - +5 ring of protection

@: paralysed, drained
A: almost no armour, stealthy swim, amphibious, 8 rings, constrict 8, camouflage
1, gelatinous body 1
a: Renounce Religion


You were on level 14 of the Dungeon.
You worshipped Vehumet.
Vehumet was extremely pleased with you.
You were not hungry.

You visited 4 branches of the dungeon, and saw 23 of its levels.
You also visited: Ice Cave.

You collected 2934 gold pieces.
You spent 1850 gold pieces at shops.

Inventory:

Missiles
 o - 4 throwing nets (quivered)
Armour
 r - a +3 shield (worn)
Magical Staves
 a - an uncursed staff of conjuration (weapon) {!a}
 b - an uncursed staff of air
 q - an uncursed staff of cold
 w - an uncursed staff of wizardry {!a}
Jewellery
 A - a +6 ring of evasion (on tentacle)
 B - a +3 ring of evasion (right tentacle)
 C - a +3 ring of evasion (on tentacle)
 D - a ring of protection from cold (on tentacle) {!d}
 E - a ring of protection from magic (on tentacle) {!d}
 F - a ring of poison resistance (on tentacle) {!d}
 G - the ring "Dedevub" (left tentacle) {-Tele rF+++ Int+3 Slay+2, -TELE}
   (You bought it in a shop on level 2 of the Orcish Mines)

   [ring of slaying]

   It affects your intelligence (+3).
   It affects your accuracy and damage with ranged weapons and melee attacks
   (+2).
   It renders you almost immune to fire.
   It prevents most forms of teleportation.
 H - a +5 ring of protection (on tentacle)
 P - an uncursed ring of see invisible
 R - a +2 amulet of reflection (around mantle)
 S - an uncursed ring of wizardry
 Y - an uncursed ring of protection from magic {!d}
 Z - an uncursed ring of flight
Wands
 x - a wand of polymorph (9)
 z - a wand of scattershot (9)
 I - a wand of digging (15)
 K - a wand of paralysis (51)
 U - a wand of clouds (5)
 X - a wand of iceblast (16)
Scrolls
 f - 4 scrolls of remove curse
 g - 6 scrolls of fog
 j - 6 scrolls of enchant armour
 n - 4 scrolls of amnesia
 u - 2 scrolls of blinking
 y - 3 scrolls of teleportation
 L - 4 scrolls of magic mapping {!r}
 N - 3 scrolls of fear {!r}
 W - 2 scrolls of enchant weapon
Potions
 d - 6 potions of cancellation
 e - 3 potions of heal wounds
 h - 14 potions of curing
 i - 5 potions of agility
 k - a potion of resistance {unknown}
 l - 3 potions of magic
 m - 3 potions of brilliance
 p - 4 potions of might
 s - 5 potions of lignification
 t - 2 potions of haste {unknown}
 v - 3 potions of berserk rage {!q}
 M - 3 potions of invisibility {unknown}
 O - a potion of ambrosia {unknown}
 Q - 2 potions of flight {unknown}
 T - 3 potions of mutation {!q}
Miscellaneous
 J - a sack of spiders
Comestibles
 c - 30 rations
 V - a chunk of flesh


   Skills:
 + Level 9.2(8.6) Fighting
 + Level 9.6(8.9) Dodging
 - Level 10.0(9.3) Stealth
 + Level 8.2(7.6) Shields
 + Level 10.0(9.3) Spellcasting
 * Level 14.1(13.3) Conjurations
 - Level 5.0(4.4) Charms
 + Level 3.5(2.9) Translocations
 - Level 11.6(10.9) Fire Magic
 + Level 4.9(4.3) Ice Magic
 + Level 7.3(6.7) Air Magic
 - Level 5.0(4.4) Evocations


You had 5 spell levels left.
You knew the following spells:

 Your Spells              Type           Power        Failure   Level  Hunger
a - Flame Tongue          Conj/Fire      #####        1%          1    None
b - Conjure Flame         Conj/Fire      #######.     1%          3    None
c - Sticky Flame          Conj/Fire      #######.     1%          4    None
d - Fireball              Conj/Fire      #######...   1%          5    ####...
e - Blink                 Tloc           N/A          5%          2    None
f - Airstrike             Air            #####.....   1%          4    None
g - Throw Icicle          Conj/Ice       ######..     1%          4    None
h - Ozocubu's Armour      Chrm/Ice       #####...     6%          3    None
u - Swiftness             Chrm/Air       #####...     1%          2    None
x - Passwall              Tmut/Erth      ##........   17%         2    None


Dungeon Overview and Level Annotations

Branches:
Dungeon (14/15)            Temple (1/1) D:6            Lair (6/6) D:10
 Shoals (0/4) Lair:2        Snake (0/4) Lair:2        Slime (0/5) Lair:6
    Orc (2/2) D:11            Elf (0/3) Orc:2        Vaults (0/5) D:14

Altars:
Ashenzari
Cheibriados
Dithmenos
Elyvilon
Fedhas
Gozag
Hepliaklqana
Kikubaaqudgha
Makhleb
Nemelex Xobeh
Okawaru
Qazlal
Ru
Sif Muna
Trog
Uskayaw
Vehumet
Wu Jian
Xom
Yredelemnul
Zin
The Shining One

Shops:
Orc:2 [(*=

Portals:
Trove: D:12 (give +7 demon whip)

Annotations:
D:12 exclusion: obsidian statue


Innate Abilities, Weirdness & Mutations

You cannot wear most types of armour.
You are very stealthy in the water. (Stealth+)
You are amphibious.
You can wear up to eight rings at the same time.
You can use your tentacles to constrict eight enemies at once.
Your skin changes colour to match your surroundings (Stealth+).
Your rubbery body absorbs attacks. (AC +1, EV +1)


Message History

Press: ? - help, Shift-Dir - straight line, f/p - two-headed ogre
Aim: a two-headed ogre, wielding two giant clubs (moderately wounded)
You feel a surge of power!
The fireball explodes!
The fireball engulfs the two-headed ogre.
The two-headed ogre is severely wounded.
The fireball engulfs the two-headed ogre.
The two-headed ogre is almost dead.
You hear a shout!
You now have 21/30 mp.
Casting: Fireball
Confirm with . or Enter, or press ? or * to list all spells.
Aiming: Fireball
Press: ? - help, Shift-Dir - straight line, f/p - two-headed ogre
Aim: a two-headed ogre, wielding two giant clubs (severely wounded)
You feel a surge of power!
The fireball explodes!
The fireball engulfs the two-headed ogre.
You kill the two-headed ogre!
Vehumet accepts your kill.
You feel your power returning.
The fireball engulfs the two-headed ogre.
You kill the two-headed ogre!
Vehumet accepts your kill.
You feel your power returning.
You hear a shout!
Things that are here:
a giant club x2
There isn't anything to butcher here.
Things that are here:
a giant club x2; a two-headed ogre corpse You butcher the two-headed ogre corpse.
V - 3 chunks of flesh
Things that are here:
a giant club x2
Eating one of 3 chunks of flesh.
You eat one of the 3 chunks of flesh.
This raw flesh tastes terrible.
You are feeling hungry.
Eating one of 2 chunks of flesh.
You eat one of the 2 chunks of flesh.
This raw flesh tastes terrible.
A deep elf mage comes into view. It is wielding a rapier.
You regained 2 mp, and now have 26/30 mp.
A deep elf mage is nearby!
The deep elf mage casts a spell.
Found a gate to the Vaults.
Casting: Fireball
Confirm with . or Enter, or press ? or * to list all spells.
Aiming: Conjure Flame
Press: ? - help, Dir - move target cursor You feel a surge of power!
The fire ignites!
You now have 24/30 mp.
A wizard comes into view. It is wielding a dagger.
The deep elf mage gestures wildly while chanting.
The deep elf mage blinks!
Casting: Conjure Flame
Confirm with . or Enter, or press ? or * to list all spells.
Aiming: Fireball
Press: ? - help, Shift-Dir - straight line, f - wizard
Aim: a wizard, wielding a dagger and wearing an embroidered robe You feel a surge of power!
The fireball explodes!
The fireball engulfs the wizard.
The wizard is severely wounded.
The fireball engulfs the redback.
You kill the redback!
The redback's corpse disappears in a puff of smoke!
The wizard casts a spell at you.
You suddenly lose the ability to move!
The demonic crawler is engulfed in blazing flames.
The demonic crawler hits you! The demonic crawler hits you.
The demonic crawler hits you!
The demonic crawler is engulfed in blazing flames.
The demonic crawler hits you!
The demonic crawler hits you but does no damage.
The demonic crawler hits you.
The wizard becomes larger for a moment.
The wizard casts a spell.
The wizard blinks!
The demonic crawler is engulfed in blazing flames.
The demonic crawler hits you. x2; The demonic crawler hits you!
The wizard hits you with a dagger.
The demonic crawler is engulfed in blazing flames.
The demonic crawler hits you!
* * * LOW HITPOINT WARNING * * *
The demonic crawler hits you.
* * * LOW HITPOINT WARNING * * *
The demonic crawler hits you.
* * * LOW HITPOINT WARNING * * *
The deep elf mage casts a spell.
The wizard hits you with a dagger.
* * * LOW HITPOINT WARNING * * *
The demonic crawler is engulfed in blazing flames.
The demonic crawler hits you!
* * * LOW HITPOINT WARNING * * *
The demonic crawler hits you!
* * * LOW HITPOINT WARNING * * *
The demonic crawler hits you!
* * * LOW HITPOINT WARNING * * *
The deep elf mage points at you and mumbles some strange words.
The bolt of negative energy hits the demonic crawler.
The demonic crawler completely resists.
The bolt of negative energy hits you!
You feel drained.
You die...

......'. )(....# .#
......# ####### ..
......# #.....##.##
#####.# #.#####...#
#.####.#.. #...#
#....'.#...#...#
#####.####.#.re#p..#
...##.#....#.sss@..# .
...##.#....#...#...# #'#
...##.#....#.. #.).#...#
...##.#....#. #)..'..(#
...##.#....#####...#####
...##.#...........##
#..##.#....########
......###### ##.##.#


You could see a demonic crawler, a deep elf mage, a wizard, a jumping spider, a
redback and a hell rat.

Vanquished Creatures
  Agnes (D:14)
  Kirke (D:12)
  A frost giant (Orc:1)
  An orc warlord (D:11)
  A stone giant (Orc:2)
  2 entropy weavers
  6 ettins
  The ghost of Monsterracer the Thaumaturge, a journeyman GnWz of Sif Muna (Lair:3)
  Harold (Orc:1)
  The ghost of lrcuk01 the Carver, a journeyman MiBe of Trog (Orc:1)
  7 hydras
  An ice dragon (Orc:2)
  A catoblepas (Lair:6)
  8 two-headed ogres
  A death knight (D:13)
  Erica (D:9)
  6 death yaks
  Urug (D:13)
  A queen ant (D:13)
  6 skeletal warriors (D:13)
  A wizard (D:14)
  Pikel (D:6)
  22 cyclopes
  An oklob plant (Lair:6)
  9 ugly things
  2 manticores
  A black mamba (Lair:6)
  6 elephants
  3 ice statues
  A guardian serpent (Lair:2)
  2 gargoyles (D:12)
  21 spiny frogs
  2 freezing wraiths (D:13)
  5 rime drakes
  2 komodo dragons
  3 polar bears
  The ghost of Terandir the Shield-Bearer, an amateur MiFi of Cheibriados (D:4)
  4 trolls
  Prince Ribbit (D:9)
  4 tyrant leeches (Lair:6)
  A snapping turtle (Lair:2)
  23 blink frogs
  17 slime creatures
  A meliai zombie (D:12)
  21 hippogriffs
  34 yaks
  5 hogs
  A wraith (D:13)
  7 basilisks
  6 wyverns
  3 hungry ghosts
  A steam dragon (D:11)
  6 vampire mosquitoes
  16 soldier ants
  10 wargs
  An acid dragon (D:12)
  5 porcupines
  16 water moccasins
  3 slaves (D:6)
  9 ice beasts
  3 black bears
  An eye of draining (D:12)
  A necrophage (D:12)
  17 orc warriors
  2 sky beasts
  A black bear (shapeshifter) (D:14)
  A phantom (D:4)
  3 centaurs
  16 ogres
  13 crocodiles
  17 wolves
  4 big kobolds
  25 bullfrogs
  A scorpion (D:4)
  5 killer bees (D:10)
  4 wights (D:11)
  6 electric eels
  3 howler monkeys
  A bullfrog zombie (D:6)
  3 crimson imps
  5 centaur skeletons
  5 centaur zombies
  4 hounds
  A quasit (D:7)
  15 jellies
  11 orc priests
  2 iguanas
  19 orc wizards
  36 worker ants
  A hound zombie (D:9)
  2 hound skeletons
  2 worker ant zombies
  8 adders
  4 gnolls (D:5)
  A howler monkey skeleton (D:8)
  2 shadow imps
  4 oozes
  An adder zombie (D:3)
  3 worms
  A dart slug (D:2)
  7 leopard geckos
  77 orcs
  9 bats
  2 giant cockroaches
  10 goblins
  10 hobgoblins
  30 kobolds
  6 quokkas
  2 ball pythons
  8 frilled lizards
  2 leopard gecko skeletons
  6 rats
  A fungus (Lair:3)
  5 plants
756 creatures vanquished.

Vanquished Creatures (others)
  3 cyclopes
  A human (D:14)
  A jelly (D:6)
  30 fungi
  63 plants
  4 toadstools (D:1)
102 creatures vanquished.

Grand Total: 858 creatures vanquished

Notes
Turn   | Place    | Note
-------+----------+-------------------------------------------
     0 | D:1      | Monsterracer the Octopode Fire Elementalist began the quest for the Orb.
     0 | D:1      | Reached XP level 1. HP: 11/11 MP: 3/3
   272 | D:1      | Reached XP level 2. HP: 17/17 MP: 1/5
  1299 | D:2      | Found a shimmering altar of Xom.
  1318 | D:2      | Found an opulent altar of Gozag.
  1463 | D:2      | Reached XP level 3. HP: 21/21 MP: 3/6
  1465 | D:2      | Reached skill level 2 in Conjurations
  1470 | D:2      | Learned a level 3 spell: Conjure Flame
  2482 | D:3      | Reached XP level 4. HP: 27/27 MP: 4/7
  2698 | D:3      | Found an iron altar of Okawaru.
  2984 | D:3      | Learned a level 4 spell: Sticky Flame
  3103 | D:4      | Noticed a centaur
  3108 | D:4      | HP: 12/27 [centaur (2)]
  3109 | D:4      | Killed a centaur
  3109 | D:4      | Reached skill level 3 in Conjurations
  3109 | D:4      | Reached XP level 5. HP: 13/31 MP: 1/9
  3344 | D:4      | HP: 10/31 [worker ant (6)]
  3347 | D:4      | HP: 2/31 [worker ant (3)]
  3724 | D:4      | Noticed a phantom
  3740 | D:4      | HP: 15/31 [phantom (6)]
  3743 | D:4      | Noticed Terandir's ghost (amateur MiFi)
  3745 | D:4      | Killed a phantom
  3745 | D:4      | Reached XP level 6. HP: 18/36 MP: 0/10
  3807 | D:4      | HP: 12/36 [Terandir's ghost (14)]
  4055 | D:4      | HP: 11/36 [Terandir's ghost (15)]
  4394 | D:4      | Found a shattered altar of Ashenzari.
  4668 | D:4      | Reached skill level 5 in Fire Magic
  4674 | D:4      | Reached skill level 4 in Conjurations
  4760 | D:4      | Found an ornate altar of the Wu Jian Council.
  4852 | D:4      | HP: 18/36 [Terandir's ghost (18)]
  4855 | D:4      | HP: 7/36 [Terandir's ghost (6)]
  4856 | D:4      | Killed Terandir's ghost
  4856 | D:4      | Reached XP level 7. HP: 8/41 MP: 0/12
  5144 | D:4      | Learned a level 5 spell: Fireball
  5781 | D:5      | Entered Level 5 of the Dungeon
  5854 | D:5      | Found a shadowy altar of Dithmenos.
  5956 | D:5      | Reached skill level 5 in Stealth
  5956 | D:5      | Reached skill level 5 in Conjurations
  6146 | D:5      | Reached XP level 8. HP: 46/46 MP: 9/13
  6300 | D:5      | Found a sacrificial altar of Ru.
  6325 | D:5      | Became a worshipper of Ru the Awakened
  6583 | D:5      | Found a basalt altar of Yredelemnul.
  6831 | D:5      | Found an ancient bone altar of Kikubaaqudgha.
  7127 | D:6      | HP: 23/46 [something (6)]
  7140 | D:6      | HP: 19/46 [something (5)]
  7411 | D:6      | Noticed Pikel
  7424 | D:6      | HP: 16/46 [slave[Pikel] (9)]
  7438 | D:6      | Killed Pikel
  7438 | D:6      | Reached skill level 6 in Conjurations
  7649 | D:6      | Reached XP level 9. HP: 51/51 MP: 12/16
  7678 | D:6      | Found a hazy altar of Hepliaklqana.
  7697 | D:6      | HP: 24/51 [bullfrog (7)]
  8268 | D:6      | Found a staircase to the Ecumenical Temple.
  8273 | Temple   | Entered the Ecumenical Temple
  8392 | D:6      | Fell from the grace of Ru
  8531 | D:7      | Reached skill level 7 in Conjurations
  8546 | D:7      | HP: 24/51 [orc warrior/tomahawk (10)]
  8708 | D:7      | HP: 20/51 [orc warrior/trident (15)]
  9068 | D:7      | Found a blossoming altar of Fedhas.
  9275 | D:7      | Reached skill level 5 in Spellcasting
  9450 | D:7      | Found a glowing silver altar of Zin.
 10121 | D:8      | Reached skill level 1 in Fighting
 10355 | D:8      | Found a radiant altar of Vehumet.
 10389 | D:8      | Became a worshipper of Vehumet
 10410 | D:8      | Reached skill level 8 in Conjurations
 10499 | D:8      | Noticed a two-headed ogre
 10511 | D:8      | Killed a two-headed ogre
 10511 | D:8      | Reached XP level 10. HP: 61/61 MP: 1/18
 10767 | D:8      | Got a brightly glowing halberd
 10841 | D:8      | HP: 30/61 [electric eel/bolt of electricity (11)]
 11323 | D:9      | Found a hide-covered altar of Uskayaw.
 11337 | D:9      | Noticed Prince Ribbit
 11343 | D:9      | Killed Prince Ribbit
 11610 | D:9      | Noticed Erica
 11615 | D:9      | Noticed a two-headed ogre
 12201 | D:9      | Killed a two-headed ogre
 12201 | D:9      | Reached skill level 9 in Conjurations
 12463 | D:9      | HP: 25/63 [something/orb of energy (38)]
 12472 | D:9      | Killed Erica
 12983 | D:10     | Entered Level 10 of the Dungeon
 13143 | D:10     | Reached XP level 11. HP: 59/68 MP: 9/20
 13157 | D:10     | HP: 26/68 [centaur (10)]
 13359 | D:10     | HP: 34/68 [ice beast (12)]
 13523 | D:10     | Reached skill level 10 in Fire Magic
 13680 | D:10     | Reached * piety under Vehumet
 13680 | D:10     | Offered knowledge of Magic Dart by Vehumet.
 13689 | D:10     | Found a staircase to the Lair.
 14496 | D:10     | Offered knowledge of Freeze by Vehumet.
 14496 | D:10     | HP: 33/69 [orc warrior/trident (11)]
 14499 | D:10     | Reached ** piety under Vehumet
 15057 | D:11     | Reached skill level 1 in Shields
 15109 | D:11     | Found a staircase to the Orcish Mines.
 15116 | D:11     | Noticed a white ugly thing
 15136 | D:11     | Killed a white ugly thing
 15136 | D:11     | Reached skill level 10 in Conjurations
 15335 | D:11     | Noticed a cyclops
 15351 | D:11     | Killed a cyclops
 15351 | D:11     | Reached skill level 5 in Dodging
 15973 | Lair:1   | Entered Level 1 of the Lair of Beasts
 16039 | Lair:1   | Noticed a six-headed hydra
 16058 | Lair:1   | Killed a six-headed hydra
 16159 | Lair:1   | Offered knowledge of Ignite Poison by Vehumet.
 16251 | Lair:1   | Got a crude hand axe
 16891 | Lair:2   | HP: 32/70 [spiny frog (18)]
 17358 | Lair:2   | Found a staircase to the Snake Pit.
 17364 | Lair:2   | Reached XP level 12. HP: 69/76 MP: 22/22
 17366 | Lair:2   | Reached skill level 5 in Fighting
 17756 | Lair:2   | Found a white marble altar of Elyvilon.
 17971 | Lair:2   | Reached *** piety under Vehumet
 18255 | Lair:2   | Found a staircase to the Shoals.
 18270 | Lair:2   | HP: 38/77 [snapping turtle (21)]
 18892 | Lair:3   | Noticed a six-headed hydra
 18897 | Lair:3   | Killed a six-headed hydra
 18901 | Lair:3   | Learned a level 2 spell: Swiftness
 18949 | Lair:3   | Noticed Monsterracer's ghost (journeyman GnWz)
 18985 | Lair:3   | HP: 37/77 [Monsterracer's ghost/magic dart (9)]
 19124 | Lair:2   | Learned a level 4 spell: Airstrike
 19196 | Lair:2   | HP: 38/77 [yak (13)]
 19609 | Lair:3   | Offered knowledge of Dazzling Spray by Vehumet.
 19653 | Lair:3   | Noticed a five-headed hydra
 19656 | Lair:3   | Killed a five-headed hydra
 19656 | Lair:3   | Reached skill level 11 in Conjurations
 19656 | Lair:3   | Reached skill level 1 in Charms
 19656 | Lair:3   | Reached skill level 1 in Air Magic
 19809 | Lair:3   | Killed Monsterracer's ghost
 20644 | Lair:4   | Reached **** piety under Vehumet
 20644 | Lair:4   | Reached XP level 13. HP: 83/83 MP: 24/24
 21264 | Lair:4   | Offered knowledge of Lee's Rapid Deconstruction by Vehumet.
 21272 | Lair:4   | HP: 37/83 [yak (11)]
 22520 | Lair:5   | HP: 31/84 [rime drake/flash freeze (15)]
 22766 | Lair:5   | Identified the cursed +1 hand axe "Gung" {freeze, +Blink rN++} (You found it on level 1 of the Lair of Beasts)
 23603 | Lair:6   | Entered Level 6 of the Lair of Beasts
 23605 | Lair:6   | Reached skill level 5 in Shields
 23613 | Lair:5   | Reached skill level 10 in Stealth
 24776 | Lair:5   | HP: 30/86 [blink frog (19)]
 24776 | Lair:5   | HP: 10/86 [death yak (20)]
 25137 | Lair:6   | Reached XP level 14. HP: 89/92 MP: 26/26
 25153 | Lair:6   | Reached skill level 12 in Conjurations
 25454 | Lair:6   | HP: 25/92 [spiny frog (24)]
 25459 | Lair:6   | HP: 24/92 [poisoned by a spiny frog]
 25467 | Lair:6   | HP: 24/92 [poisoned by a spiny frog]
 25800 | Lair:6   | Reached skill level 1 in Evocations
 26068 | Lair:6   | Reached ***** piety under Vehumet
 26141 | Lair:6   | Offered knowledge of Conjure Ball Lightning by Vehumet.
 26410 | Lair:6   | Reached skill level 5 in Air Magic
 26552 | Lair:6   | Reached skill level 5 in Charms
 27082 | Lair:6   | Found a staircase to the Slime Pits.
 27341 | Lair:6   | Learned a level 3 spell: Ozocubu's Armour
 27351 | Lair:6   | Learned a level 4 spell: Throw Icicle
 27716 | Lair:6   | Learned a level 2 spell: Passwall
 27904 | Lair:6   | HP: 45/93 [cloud of steam (8)]
 28412 | Orc:1    | Entered Level 1 of the Orcish Mines
 28415 | Orc:1    | Noticed lrcuk01's ghost (journeyman MiBe)
 28506 | Orc:1    | Noticed an orc warlord
 28516 | D:11     | HP: 46/93 [poisoned by lrcuk01's ghost]
 28517 | D:11     | HP: 3/93 [orc warlord/great mace of protection (41)]
 28522 | D:11     | HP: 24/93 [poisoned by lrcuk01's ghost]
 28527 | D:11     | HP: 20/93 [poisoned by lrcuk01's ghost]
 28528 | D:11     | Killed an orc warlord
 28533 | D:11     | HP: 16/93 [poisoned by lrcuk01's ghost]
 28538 | D:11     | HP: 14/93 [poisoned by lrcuk01's ghost]
 28543 | D:11     | HP: 14/93 [poisoned by lrcuk01's ghost]
 28550 | D:11     | HP: 13/93 [poisoned by lrcuk01's ghost]
 28558 | D:11     | HP: 13/93 [poisoned by lrcuk01's ghost]
 28964 | D:11     | HP: 46/93 [poisoned by lrcuk01's ghost]
 28970 | D:11     | HP: 43/93 [poisoned by lrcuk01's ghost]
 28975 | D:11     | HP: 41/93 [poisoned by lrcuk01's ghost]
 28980 | D:11     | HP: 40/93 [poisoned by lrcuk01's ghost]
 28987 | D:11     | HP: 40/93 [poisoned by lrcuk01's ghost]
 28995 | D:11     | HP: 40/93 [poisoned by lrcuk01's ghost]
 29226 | D:11     | HP: 46/93 [poisoned by lrcuk01's ghost]
 29231 | D:11     | HP: 42/93 [poisoned by lrcuk01's ghost]
 29236 | D:11     | HP: 40/93 [poisoned by lrcuk01's ghost]
 29241 | D:11     | HP: 38/93 [poisoned by lrcuk01's ghost]
 29246 | D:11     | HP: 37/93 [poisoned by lrcuk01's ghost]
 29253 | D:11     | HP: 37/93 [poisoned by lrcuk01's ghost]
 29261 | D:11     | HP: 37/93 [poisoned by lrcuk01's ghost]
 29502 | Orc:1    | HP: 41/93 [lrcuk01's ghost (11)]
 29507 | D:11     | HP: 37/93 [poisoned by lrcuk01's ghost]
 29512 | D:11     | HP: 34/93 [poisoned by lrcuk01's ghost]
 29517 | D:11     | HP: 32/93 [poisoned by lrcuk01's ghost]
 29522 | D:11     | HP: 32/93 [poisoned by lrcuk01's ghost]
 29529 | D:11     | HP: 31/93 [poisoned by lrcuk01's ghost]
 29537 | D:11     | HP: 31/93 [poisoned by lrcuk01's ghost]
 29873 | Orc:1    | Reached skill level 1 in Ice Magic
 30368 | Orc:1    | Noticed Harold
 30372 | Orc:1    | Killed Harold
 30704 | Orc:1    | Reached XP level 15. HP: 99/99 MP: 16/28
 30975 | Orc:1    | Killed lrcuk01's ghost
 31289 | Orc:1    | Noticed a frost giant
 31297 | Orc:1    | Killed a frost giant
 31297 | Orc:1    | Reached skill level 13 in Conjurations
 31403 | Orc:1    | Found the +7 captain's cutlass {speed, disarm}
 31409 | Orc:1    | Got a shimmering dagger
 31414 | Orc:1    | Got a jewelled whip
 31415 | Orc:1    | Identified the +3 whip "Umed" {drain, *Slow rN+ Dex+2} (You found it on level 1 of the Orcish Mines)
 31417 | Orc:1    | Identified the cursed +0 dagger of Fihaes {speed, +Fly Str+3} (You found it on level 1 of the Orcish Mines)
 32160 | Orc:2    | Entered Level 2 of the Orcish Mines
 32160 | Orc:2    | Found Losubair's General Store.
 32202 | Orc:2    | Found a staircase to the Elven Halls.
 32237 | Orc:2    | HP: 49/99 [cyclops/large rock (50)]
 32349 | Orc:2    | Found Jayg's Jewellery Emporium.
 32372 | Orc:2    | HP: 49/99 [ettin/dire flail (35)]
 32373 | Orc:2    | Offered knowledge of Bolt of Draining by Vehumet.
 32374 | Orc:2    | Bought a +2 amulet of reflection for 105 gold pieces
 32379 | Orc:2    | Bought an uncursed ring of see invisible for 210 gold pieces
 32379 | Orc:2    | Bought an uncursed ring of poison resistance for 280 gold pieces
 32384 | Orc:2    | Bought a +3 ring of evasion for 294 gold pieces
 32561 | Orc:2    | Found a frozen archway.
 32672 | IceCv    | Entered an ice cave
 32778 | IceCv    | Found a transporter.
 32807 | IceCv    | HP: 44/100 [something (9)]
 33052 | Orc:2    | Learned a level 2 spell: Blink
 33243 | Orc:2    | Found Jeokhlic's Antique Weapon Shoppe.
 33263 | Orc:2    | Bought a potion of heal wounds for 70 gold pieces
 33263 | Orc:2    | Bought the ring "Dedevub" {-Tele rF+++ Int+3 Slay+2} for 891 gold pieces
 33546 | Orc:2    | Found Xixecox's Antique Armour Shoppe.
 34273 | D:12     | Reached skill level 1 in Translocations
 34649 | D:12     | HP: 42/100 [enormous slime creature (47)]
 34657 | D:12     | HP: 27/100 [slime creature (17)]
 35083 | D:12     | HP: 46/100 [sixfirhy[an obsidian statue] (9)]
 35087 | D:12     | HP: 13/100 [sixfirhy[an obsidian statue] (10)]
 35824 | D:12     | Found a portal to a secret trove of treasure.
 36089 | D:13     | Reached skill level 5 in Evocations
 36329 | D:13     | Noticed Urug
 36433 | D:12     | Offered knowledge of Spellforged Servitor by Vehumet.
 36545 | D:13     | Killed Urug
 37297 | D:13     | Reached XP level 16. HP: 86/107 MP: 19/29
 37324 | D:13     | Noticed Kirke
 37324 | D:13     | HP: 48/107 [??? (46)]
 37938 | D:12     | Killed Kirke
 39079 | D:14     | Noticed Agnes
 39083 | D:14     | Killed Agnes
 39083 | D:14     | Reached skill level 14 in Conjurations
 39452 | D:14     | Reached skill level 10 in Spellcasting
 39604 | D:14     | Found an ancient bone altar of Kikubaaqudgha.
 40053 | D:14     | Found a gate to the Vaults.
 40056 | D:14     | Paralysed by a wizard for 7 turns
 40060 | D:14     | HP: 44/108 [demonic crawler[a deep elf mage] (13)]
 40060 | D:14     | HP: 18/108 [demonic crawler[a deep elf mage] (7)]
 40060 | D:14     | HP: 5/108 [demonic crawler[a deep elf mage] (13)]
 40061 | D:14     | Killed from afar by a deep elf mage

Skill      XL: |  1  2  3  4  5  6  7  8  9 10 11 12 13 14 15 16 |
---------------+-------------------------------------------------+-----
Conjurations   | 2 3 4 5 6 8 9 10 11 12 13 14 | 14.1
Fire Magic     | 4 5 6 7 9 10 11 | 11.6
Stealth        | 3 4 5 6 7 9 10 | 10.0
Spellcasting   | 3 4 5 6 7 8 9 10 | 10.0
Fighting       | 2 3 4 6 7 8 9 |  9.2
Dodging        | 3 4 5 6 7 8 9 |  9.6
Shields        | 2 4 5 6 7 8 |  8.2
Charms         | 2 4 5 |  5.0
Air Magic      | 2 4 5 6 7 |  7.3
Evocations     | 3 5 |  5.0
Ice Magic      | 2 4 |  4.9
Translocations | 2 3 |  3.5

Action                   |  1- 3 |  4- 6 |  7- 9 | 10-12 | 13-15 | 16-18 || total
-------------------------+-------+-------+-------+-------+-------+-------++-------
Melee: Constrict         |     5 |     4 |     8 |    13 |    14 |     5 ||    49
       Unarmed           |     2 |       |       |       |       |       ||     2
       Tentacles         |     3 |     1 |     5 |     8 |    16 |    10 ||    43
       Dagger            |    10 |    30 |    35 |       |       |       ||    75
       Whip              |       |       |     1 |       |       |       ||     1
       Falchion          |       |       |     3 |       |       |       ||     3
       Staff             |       |       |     2 |    49 |    86 |    70 ||   207
 Cast: Flame Tongue      |    75 |    52 |   159 |   320 |   717 |    63 ||  1386
       Sticky Flame      |       |     4 |    11 |    47 |   188 |    40 ||   290
       Conjure Flame     |       |     2 |    11 |    19 |    10 |    10 ||    52
       Fireball          |       |       |     8 |    63 |   157 |    31 ||   259
       Swiftness         |       |       |       |       |     1 |       ||     1
       Throw Icicle      |       |       |       |       |    10 |     4 ||    14
       Ozocubu's Armour  |       |       |       |       |     4 |       ||     4
       Airstrike         |       |       |       |       |    16 |       ||    16
       Blink             |       |       |       |       |     1 |       ||     1
Invok: Renounce Religion |       |       |     1 |       |       |       ||     1
  Use: Scroll            |       |     8 |     3 |    12 |     8 |       ||    31
       Potion            |       |       |       |       |     2 |       ||     2
 Stab: Sleeping          |     3 |     1 |     5 |       |       |       ||     9
  Eat: Chunk             |     5 |     5 |    16 |    35 |    63 |    14 ||   138
       Ration            |       |     1 |     3 |     5 |     7 |       ||    16
Armor: Skin              |     3 |     7 |     3 |    10 |    18 |    10 ||    51
Dodge: Dodged            |    22 |    44 |    54 |   146 |   435 |    99 ||   800
Block: Shield            |       |       |       |    31 |   405 |   101 ||   537
       Reflection        |       |       |       |       |     9 |     7 ||    16
       Rpst.: Falchion   |       |       |     2 |       |       |       ||     2

Vault maps used:
D:1:      ldierk_walled_garden_2
D:2:      grunt_gozag_breadcrumbs, minivault_27, xom_teletrap_fun
D:3:      okawaru_altar_gauntlet_db
D:4:      corexii_shack_village, marbit_many_paths, first_ration,
          evilmike_ruin_ashenzari
D:5:      hangedman_ru_absence, yredelemnul_altar_generic,
          overflow_temple_1_default, nicolae_dithmenos_through_a_glass_darkly,
          saegor_snake_ambush
D:6:      kennysheep_mini_moat, temple_doors_e, uniq_pikel
D:7:      kennysheep_little_box, lemuel_coloured_pillars_altar
D:8:      lemuel_doored_altar, serial_bayou, serial_bayou_pond_d,
          serial_bayou_shore_a, serial_bayou_pond_c, serial_bayou_pond_d
D:9:      lemuel_crystal_altar, uniq_prince_ribbit1, uniq_erica
D:10:     erik_lair_orcish_takeover
D:11:     david_orc_2
D:12:     enter_trove_0, grunt_ogre_cave, minmay_more_statues
D:13:     zaba_anthell, uniq_urug, uniq_kirke
D:14:     david_vaults_1, lemuel_statue_altar, uniq_agnes
Temple:   nicolae_temple_figure_zero
Lair:1:   infiniplex_staircase_pool_2
Lair:2:   minmay_shoals_entry_hut, minmay_snake_entry_spellcaster, basic_altar,
          minivault_26
Lair:3:   grunt_megastairs_1
Lair:4:   serial_bayou_lagoon_a
Lair:5:   minmay_lair_drake_nest
Lair:6:   minmay_lair_end_frog_pond, minmay_slime_entry_jelly_boxes,
          nicolae_volcano_entry_s_turn
Orc:1:    giant_chief_lemuel, uniq_harold
Orc:2:    grunt_orc_gardens, grunt_orc_garden, grunt_orc_garden,
          grunt_orc_garden, grunt_orc_garden,
          portal_ice_cave_entry_animals_and_master
IceCv:    ice_cave_statue_garden_teleport
